General information
- name: BNet
- type: Ladder team game (AT/RT)
- host: Battle.net
- saver: Flamechampion
map: MarketSquare
- players: 8
- length: 67:55
- speed: Fast
- version: 1.26 W3XP
- replay type: Public
» download(397 KB)
Players
team 1 (winner)

»
DreadKnight187 (
pink | 30 APM | 1384 actions | 45:53)
6 Blademaster
3 Critical Strike
3 Wind Walk
3 Tauren Chieftain
2 Endurance Aura
1 War Stomp
» actions
| Basic commands | 11 | |
| Build / train | 100 | |
| Enter build submenu | 39 | |
| Enter hero's abilities submenu | 9 | |
| Give item / drop item | 2 | |
| Right click | 639 | |
| Select / deselect | 466 | |
| Use ability | 118 | |
1384 total
» units
| Peon | 44 | |
| Grunt | 5 | |
| Wind Rider | 5 | |
| Troll Batrider | 10 | |
64 total
» upgrades
| Berserker Strength | 1 | |
| Armor | 3 | |
| Reinforced Defenses | 1 | |
| Envenomed Spears | 1 | |
| Ranged Weapons | 3 | |
| Liquid Fire | 1 | |
| Spiked Barricades | 2 | |
12 total
» buildings
| Orc Burrow | 7 | |
| Altar of Storms | 3 | |
| Voodoo Lounge | 1 | |
| Barracks | 1 | |
| Stronghold | 1 | |
| War Mill | 1 | |
| Great Hall | 3 | |
| Fortress | 1 | |
| Beastiary | 3 | |
| Watch Tower | 17 | |
38 total
» build order
00:08 Orc Burrow
00:11 Altar of Storms
01:36 Voodoo Lounge
01:46 Barracks
02:01 Orc Burrow
02:22 Orc Burrow
03:13 Stronghold
04:43 War Mill
05:23 Orc Burrow
07:01 Great Hall
07:37 Fortress
07:42 Beastiary
09:50 Beastiary
09:53 Beastiary
10:34 Orc Burrow
10:36 Orc Burrow
16:32 Watch Tower
16:35 Watch Tower
16:37 Watch Tower
17:14 Watch Tower
17:16 Watch Tower
17:41 Watch Tower
31:28 Great Hall
31:51 Watch Tower
31:53 Watch Tower
31:54 Watch Tower
31:56 Watch Tower
32:02 Great Hall
32:11 Watch Tower
32:30 Watch Tower
33:10 Watch Tower
33:19 Watch Tower
33:34 Watch Tower
33:37 Watch Tower
34:15 Watch Tower
44:44 Altar of Storms
44:53 Altar of Storms
45:05 Orc Burrow
» items
| Healing Salve | 2 | |
| Boots of Speed | 1 | |
| Orb of Lightning | 2 | |
| Scroll of Town Portal | 1 | |
| Scroll of Speed | 1 | |
| Potion of Healing | 1 | |
| Dust of Appearance | 2 | |
| Periapt of Vitality | 1 | |
11 total
GironEC (
green | 64 APM | 2779 actions | 43:11)
6 Death Knight
3 Death Coil
3 Unholy Aura
5 Lich
3 Frost Nova
2 Frost Armor
» actions
| Assign group hotkey | 10 | |
| Basic commands | 6 | |
| Build / train | 46 | |
| ESC pressed | 1 | |
| Enter build submenu | 22 | |
| Enter hero's abilities submenu | 11 | |
| Right click | 1363 | |
| Select / deselect | 415 | |
| Select group hotkey | 835 | |
| Use ability | 70 | |
2779 total
» units
| Acolyte | 10 | |
| Ghoul | 4 | |
| Crypt Fiend | 4 | |
| Frost Wyrm | 4 | |
22 total
» upgrades
| Creature Carapace | 2 | |
| Web | 1 | |
| Burrow | 1 | |
| Freezing Breath | 1 | |
| Creature Attack | 1 | |
6 total
» buildings
| Altar of Darkness | 1 | |
| Ziggurat | 11 | |
| Crypt | 1 | |
| Graveyard | 1 | |
| Tomb of Relics | 1 | |
| Nerubian Tower | 1 | |
| Halls of the Dead | 1 | |
| Black Citadel | 1 | |
| Sacrificial Pit | 1 | |
| Boneyard | 2 | |
21 total
» build order
02:25 Altar of Darkness
02:31 Ziggurat
03:09 Crypt
03:22 Graveyard
03:35 Ziggurat
03:57 Tomb of Relics
03:59 Nerubian Tower
06:51 Halls of the Dead
07:06 Ziggurat
09:23 Black Citadel
09:25 Sacrificial Pit
11:19 Ziggurat
13:13 Boneyard
13:19 Boneyard
14:27 Ziggurat
14:29 Ziggurat
15:00 Ziggurat
19:34 Ziggurat
21:54 Ziggurat
21:57 Ziggurat
22:00 Ziggurat
» items
| Rod of Necromancy | 1 | |
| Scroll of Town Portal | 1 | |
2 total

»
Lacey (
purple | 16 APM | 1111 actions | 67:55)
6 Shadow Hunter
2 Serpent Ward
2 Healing Wave
1 Hex
1 Big Bad Voodoo
» actions
| Assign group hotkey | 26 | |
| Basic commands | 55 | |
| Build / train | 76 | |
| Enter build submenu | 34 | |
| Enter hero's abilities submenu | 6 | |
| Remove unit from queue | 2 | |
| Right click | 305 | |
| Select / deselect | 279 | |
| Select group hotkey | 246 | |
| Use ability | 81 | |
1111 total
» units
| Peon | 24 | |
| Grunt | 11 | |
| Shaman | 6 | |
| Tauren | 9 | |
| Troll Witch Doctor | 4 | |
54 total
» upgrades
| Pillage | 1 | |
| Shaman Training | 2 | |
| Melee Weapons | 2 | |
| Armor | 2 | |
| Reinforced Defenses | 1 | |
| Pulverize | 1 | |
| Witch Doctor Training | 2 | |
11 total
» buildings
| Altar of Storms | 1 | |
| Orc Burrow | 14 | |
| Barracks | 1 | |
| War Mill | 1 | |
| Watch Tower | 9 | |
| Stronghold | 1 | |
| Fortress | 1 | |
| Spirit Lodge | 1 | |
| Great Hall | 1 | |
| Tauren Totem | 2 | |
32 total
» build order
00:13 Altar of Storms
00:17 Orc Burrow
00:56 Barracks
02:02 War Mill
02:22 Orc Burrow
03:29 Watch Tower
03:36 Watch Tower
03:52 Orc Burrow
04:49 Watch Tower
04:52 Watch Tower
05:39 Stronghold
07:28 Orc Burrow
09:25 Fortress
09:51 Spirit Lodge
11:59 Great Hall
12:05 Watch Tower
12:19 Watch Tower
13:40 Watch Tower
13:50 Orc Burrow
13:58 Watch Tower
14:36 Tauren Totem
14:41 Tauren Totem
14:53 Watch Tower
15:34 Orc Burrow
17:02 Orc Burrow
18:23 Orc Burrow
19:31 Orc Burrow
20:31 Orc Burrow
21:29 Orc Burrow
23:28 Orc Burrow
24:35 Orc Burrow
25:30 Orc Burrow
LookingSoCrazy (
red | 72 APM | 4896 actions | 67:55)
8 Archmage
3 Summon Water Elemental
3 Brilliance Aura
1 Mass Teleport
1 Blizzard
» actions
| Assign group hotkey | 396 | |
| Basic commands | 202 | |
| Build / train | 151 | |
| Enter build submenu | 91 | |
| Enter hero's abilities submenu | 9 | |
| Give item / drop item | 5 | |
| Remove unit from queue | 3 | |
| Right click | 1679 | |
| Select / deselect | 682 | |
| Select group hotkey | 1388 | |
| Use ability | 289 | |
4896 total
» units
| Peasant | 15 | |
| Footman | 6 | |
| Gryphon Rider | 12 | |
| Dragonhawk Rider | 10 | |
| Acolyte | 1 | |
| Flying Machine | 4 | |
48 total
» upgrades
| Defend | 1 | |
| Magic Sentry | 1 | |
| Lumber Harvesting | 2 | |
| Masonry | 3 | |
| Swords | 3 | |
| Armor | 4 | |
| Storm Hammers | 1 | |
| Animal War Training | 1 | |
| Cloud | 1 | |
17 total
» buildings
| Altar of Kings | 1 | |
| Barracks | 1 | |
| Farm | 10 | |
| Keep | 5 | |
| Arcane Vault | 3 | |
| Lumber Mill | 2 | |
| Town Hall | 5 | |
| Scout Tower | 73 | |
| Blacksmith | 2 | |
| Guard Tower | 32 | |
| Arcane Sanctum | 1 | |
| Arcane Tower | 7 | |
| Castle | 3 | |
| Gryphon Aviary | 3 | |
| Workshop | 1 | |
149 total
» build order
01:00 Altar of Kings
01:03 Barracks
01:11 Farm
01:13 Farm
01:16 Farm
02:37 Farm
03:22 Keep
03:22 Keep
03:23 Keep
03:23 Keep
03:37 Arcane Vault
04:21 Lumber Mill
04:37 Farm
05:53 Town Hall
05:56 Scout Tower
05:57 Scout Tower
05:58 Scout Tower
05:59 Scout Tower
06:04 Scout Tower
06:07 Scout Tower
06:08 Scout Tower
06:09 Scout Tower
06:10 Scout Tower
06:17 Blacksmith
06:19 Blacksmith
06:29 Guard Tower
06:49 Guard Tower
07:04 Arcane Sanctum
07:20 Guard Tower
07:22 Guard Tower
07:37 Guard Tower
07:39 Guard Tower
08:13 Scout Tower
08:57 Scout Tower
09:01 Scout Tower
09:02 Scout Tower
09:05 Arcane Tower
09:12 Scout Tower
09:48 Castle
09:48 Castle
11:14 Guard Tower
11:15 Arcane Tower
11:19 Arcane Tower
13:06 Gryphon Aviary
13:06 Gryphon Aviary
13:07 Gryphon Aviary
13:48 Farm
13:50 Farm
13:56 Farm
13:57 Farm
13:57 Farm
14:15 Scout Tower
14:16 Scout Tower
14:17 Scout Tower
14:18 Scout Tower
14:20 Scout Tower
14:21 Scout Tower
14:22 Scout Tower
14:24 Scout Tower
14:24 Scout Tower
14:25 Scout Tower
14:58 Guard Tower
15:55 Guard Tower
15:57 Guard Tower
15:59 Guard Tower
17:14 Arcane Vault
18:40 Lumber Mill
30:55 Scout Tower
30:55 Scout Tower
30:55 Scout Tower
30:56 Scout Tower
32:33 Arcane Tower
32:45 Scout Tower
32:45 Scout Tower
32:45 Scout Tower
32:46 Scout Tower
32:46 Scout Tower
33:13 Guard Tower
33:13 Guard Tower
33:13 Guard Tower
33:14 Guard Tower
33:15 Guard Tower
33:15 Guard Tower
33:15 Guard Tower
33:15 Guard Tower
33:18 Scout Tower
33:18 Scout Tower
33:19 Scout Tower
33:19 Scout Tower
33:21 Town Hall
33:49 Guard Tower
33:51 Scout Tower
33:52 Scout Tower
33:52 Scout Tower
34:59 Town Hall
35:01 Scout Tower
35:02 Scout Tower
35:02 Scout Tower
35:02 Scout Tower
35:03 Scout Tower
35:03 Scout Tower
35:03 Scout Tower
35:04 Scout Tower
35:08 Scout Tower
35:09 Scout Tower
35:10 Scout Tower
35:11 Scout Tower
35:11 Scout Tower
35:46 Arcane Tower
35:51 Arcane Tower
36:08 Arcane Tower
36:15 Guard Tower
36:40 Guard Tower
38:38 Town Hall
38:40 Scout Tower
38:40 Scout Tower
38:40 Scout Tower
38:41 Scout Tower
38:43 Scout Tower
38:43 Scout Tower
38:44 Scout Tower
38:45 Scout Tower
39:09 Guard Tower
39:14 Scout Tower
39:15 Scout Tower
39:15 Scout Tower
39:32 Guard Tower
39:39 Guard Tower
40:50 Guard Tower
42:20 Town Hall
42:26 Scout Tower
42:26 Scout Tower
42:38 Scout Tower
42:38 Scout Tower
42:40 Scout Tower
42:40 Scout Tower
42:46 Scout Tower
42:46 Scout Tower
42:50 Scout Tower
42:56 Guard Tower
43:41 Guard Tower
45:30 Workshop
46:04 Guard Tower
46:53 Arcane Vault
52:33 Guard Tower
» items
| Scroll of Regeneration | 7 | |
| Potion of Healing | 6 | |
| Scroll of Town Portal | 4 | |
| Potion of Mana | 1 | |
| Periapt of Vitality | 5 | |
| Potion of Lesser Invulnerability | 1 | |
| Mechanical Critter | 2 | |
26 total
team 2 (loser)

»
Light_Unknown (
yellow | 84 APM | 5705 actions | 67:55)
8 Blademaster
3 Critical Strike
3 Wind Walk
1 Bladestorm
1 Mirror Image
1 Shadow Hunter
1 Hex
1 Far Seer
1 Far Sight
» actions
| Basic commands | 3 | |
| Build / train | 135 | |
| Enter build submenu | 90 | |
| Enter hero's abilities submenu | 10 | |
| Give item / drop item | 2 | |
| Remove unit from queue | 4 | |
| Right click | 3904 | |
| Select / deselect | 1121 | |
| Use ability | 431 | |
5705 total
» units
| Peon | 58 | |
| Grunt | 7 | |
| Troll Witch Doctor | 2 | |
| Tauren | 1 | |
| Shaman | 1 | |
| Troll Batrider | 10 | |
79 total
» upgrades
| Berserker Strength | 1 | |
| Armor | 1 | |
| Shaman Training | 2 | |
| Witch Doctor Training | 2 | |
| Pulverize | 1 | |
| Reinforced Defenses | 1 | |
| Melee Weapons | 1 | |
| Ranged Weapons | 1 | |
| Spiked Barricades | 1 | |
| Ensnare | 1 | |
12 total
» buildings
| Altar of Storms | 3 | |
| Orc Burrow | 15 | |
| Barracks | 1 | |
| Voodoo Lounge | 2 | |
| Stronghold | 5 | |
| Great Hall | 6 | |
| War Mill | 5 | |
| Fortress | 2 | |
| Spirit Lodge | 3 | |
| Watch Tower | 37 | |
| Tauren Totem | 2 | |
| Beastiary | 7 | |
88 total
» build order
00:06 Altar of Storms
00:16 Orc Burrow
00:41 Barracks
01:30 Orc Burrow
02:08 Voodoo Lounge
02:56 Stronghold
02:57 Stronghold
02:57 Stronghold
03:52 Orc Burrow
04:33 Great Hall
04:56 War Mill
08:49 Fortress
08:50 Spirit Lodge
08:53 Spirit Lodge
09:16 Orc Burrow
09:21 Watch Tower
09:24 Watch Tower
10:36 Watch Tower
10:38 Watch Tower
11:13 Tauren Totem
11:46 Watch Tower
11:48 Watch Tower
12:22 Tauren Totem
13:14 Orc Burrow
16:19 Watch Tower
16:20 Watch Tower
16:47 Altar of Storms
16:48 Orc Burrow
17:28 Beastiary
17:29 Beastiary
17:31 Beastiary
17:49 Watch Tower
17:51 Watch Tower
17:52 Watch Tower
19:34 Watch Tower
19:58 Watch Tower
21:38 Watch Tower
21:40 Watch Tower
24:34 Orc Burrow
25:05 Orc Burrow
26:01 Great Hall
26:05 Great Hall
29:10 Great Hall
29:40 War Mill
30:59 Orc Burrow
31:02 Orc Burrow
31:44 Watch Tower
31:47 Watch Tower
32:03 Watch Tower
32:10 Watch Tower
33:04 Watch Tower
33:06 Watch Tower
33:11 Watch Tower
33:13 Watch Tower
35:27 Watch Tower
35:29 Watch Tower
35:31 Watch Tower
35:33 Watch Tower
37:12 Great Hall
37:17 Watch Tower
37:20 Watch Tower
37:22 Watch Tower
38:49 Watch Tower
38:51 Watch Tower
38:52 Watch Tower
38:54 Stronghold
40:44 Watch Tower
40:46 Watch Tower
40:48 Watch Tower
41:10 Altar of Storms
42:16 Beastiary
42:17 Beastiary
42:19 Beastiary
42:21 Beastiary
42:24 Spirit Lodge
42:26 Watch Tower
44:35 War Mill
44:39 War Mill
44:58 Orc Burrow
44:59 Orc Burrow
45:01 Orc Burrow
45:05 Great Hall
45:09 War Mill
46:24 Voodoo Lounge
53:17 Orc Burrow
60:13 Orc Burrow
» items
| Healing Salve | 1 | |
| Orb of Lightning | 1 | |
| Potion of Mana | 1 | |
| Potion of Lesser Invulnerability | 6 | |
| Scroll of Town Portal | 3 | |
| Staff of Teleportation | 1 | |
| Potion of Healing | 1 | |
| Scroll of Regeneration | 1 | |
| Scroll of Healing | 4 | |
19 total

»
FritzThePanda (
teal | 52 APM | 655 actions | 12:41)
3 Far Seer
2 Feral Spirit
1 Far Sight
» actions
| Assign group hotkey | 45 | |
| Basic commands | 7 | |
| Build / train | 30 | |
| Enter build submenu | 10 | |
| Enter hero's abilities submenu | 3 | |
| Remove unit from queue | 1 | |
| Right click | 280 | |
| Select / deselect | 178 | |
| Select group hotkey | 68 | |
| Use ability | 33 | |
655 total
» units
» upgrades
| Armor | 1 | |
| Melee Weapons | 1 | |
| Berserker Strength | 1 | |
| Ensnare | 1 | |
| Ranged Weapons | 1 | |
5 total
» buildings
| Altar of Storms | 1 | |
| Orc Burrow | 5 | |
| Barracks | 1 | |
| Voodoo Lounge | 1 | |
| Stronghold | 1 | |
| War Mill | 1 | |
| Fortress | 1 | |
| Beastiary | 1 | |
12 total
» build order
00:18 Altar of Storms
00:24 Orc Burrow
00:40 Barracks
01:28 Orc Burrow
03:12 Voodoo Lounge
03:32 Stronghold
04:31 War Mill
06:05 Fortress
06:16 Beastiary
06:22 Orc Burrow
08:27 Orc Burrow
09:51 Orc Burrow
» items
BLACK_QBS_SUCK (
orange | 55 APM | 3750 actions | 67:55)
7 Blademaster
3 Wind Walk
3 Critical Strike
1 Bladestorm
1 Shadow Hunter
1 Hex
1 Far Seer
1 Far Sight
» actions
| Assign group hotkey | 189 | |
| Basic commands | 80 | |
| Build / train | 78 | |
| Enter build submenu | 22 | |
| Enter hero's abilities submenu | 9 | |
| Give item / drop item | 8 | |
| Remove unit from queue | 1 | |
| Right click | 1404 | |
| Select / deselect | 424 | |
| Select group hotkey | 1177 | |
| Use ability | 357 | |
3750 total
» units
| Peon | 12 | |
| Wind Rider | 4 | |
| Troll Witch Doctor | 2 | |
| Troll Batrider | 5 | |
23 total
» upgrades
| Ranged Weapons | 2 | |
| Armor | 1 | |
| Reinforced Defenses | 1 | |
| Envenomed Spears | 1 | |
| Liquid Fire | 1 | |
| Witch Doctor Training | 2 | |
8 total
» buildings
| Altar of Storms | 1 | |
| Orc Burrow | 5 | |
| War Mill | 3 | |
| Voodoo Lounge | 1 | |
| Watch Tower | 23 | |
| Stronghold | 2 | |
| Fortress | 2 | |
| Beastiary | 2 | |
| Spirit Lodge | 1 | |
40 total
» build order
00:08 Altar of Storms
00:20 Orc Burrow
00:41 War Mill
01:32 Voodoo Lounge
01:54 Watch Tower
02:11 Watch Tower
02:51 Watch Tower
03:21 Stronghold
03:38 Watch Tower
03:46 Watch Tower
03:56 Watch Tower
04:28 Watch Tower
05:28 Orc Burrow
05:28 Orc Burrow
05:31 Orc Burrow
06:41 Fortress
07:19 Beastiary
07:22 Beastiary
09:43 Watch Tower
09:44 Watch Tower
09:44 Watch Tower
09:44 Watch Tower
13:40 Watch Tower
13:40 Watch Tower
13:41 Watch Tower
13:42 Watch Tower
13:43 Watch Tower
17:08 Watch Tower
17:08 Watch Tower
17:08 Watch Tower
17:09 Watch Tower
17:10 Watch Tower
17:10 Watch Tower
17:10 Watch Tower
21:31 Spirit Lodge
28:30 Orc Burrow
44:45 War Mill
44:48 War Mill
» items
| Healing Salve | 2 | |
| Lesser Clarity Potion | 7 | |
| Staff of Teleportation | 3 | |
| Potion of Healing | 2 | |
| Orb of Lightning | 1 | |
| Boots of Speed | 1 | |
| Scroll of Healing | 1 | |
| Potion of Mana | 4 | |
| Scroll of Regeneration | 1 | |
| Potion of Lesser Invulnerability | 2 | |
| Scroll of Town Portal | 1 | |
25 total
Flamechampion (
blue | 76 APM | 5170 actions | 67:55)
9 Blood Mage
3 Flame Strike
3 Siphon Mana
1 Summon Phoenix
2 Banish
2 Pit Lord
1 Rain of Fire
1 Cleaving Attack
2 Beastmaster
1 Summon Hawk
1 Summon Quilbeast
» actions
| Assign group hotkey | 64 | |
| Basic commands | 257 | |
| Build / train | 284 | |
| ESC pressed | 2 | |
| Enter build submenu | 117 | |
| Enter hero's abilities submenu | 13 | |
| Give item / drop item | 20 | |
| Right click | 1910 | |
| Select / deselect | 890 | |
| Select group hotkey | 1261 | |
| Use ability | 352 | |
5170 total
» units
| Peasant | 28 | |
| Footman | 21 | |
| Sorceress | 2 | |
| Knight | 1 | |
| Dragonhawk Rider | 6 | |
| Flying Machine | 2 | |
| Gryphon Rider | 3 | |
63 total
» upgrades
| Defend | 1 | |
| Masonry | 3 | |
| Swords | 3 | |
| Lumber Harvesting | 2 | |
| Armor | 3 | |
| Sorceress Training | 2 | |
| Magic Sentry | 1 | |
| Animal War Training | 1 | |
| Backpack | 1 | |
| Storm Hammers | 1 | |
| Cloud | 1 | |
| Priest Training | 2 | |
| Plating | 3 | |
| Gunpowder | 3 | |
| Flak Cannons | 1 | |
| Control Magic | 1 | |
| Flying Machine Bombs | 1 | |
| Barrage | 1 | |
| Fragmentation Shards | 1 | |
| Flare | 1 | |
| Long Rifles | 1 | |
34 total
» buildings
| Altar of Kings | 1 | |
| Barracks | 1 | |
| Farm | 11 | |
| Arcane Vault | 1 | |
| Town Hall | 4 | |
| Lumber Mill | 1 | |
| Scout Tower | 72 | |
| Arcane Tower | 2 | |
| Keep | 2 | |
| Guard Tower | 100 | |
| Blacksmith | 1 | |
| Castle | 1 | |
| Gryphon Aviary | 8 | |
| Arcane Sanctum | 1 | |
| Workshop | 6 | |
212 total
» build order
00:14 Altar of Kings
00:16 Barracks
00:18 Farm
00:58 Farm
01:36 Farm
02:23 Farm
03:26 Arcane Vault
04:01 Town Hall
04:31 Farm
05:20 Lumber Mill
05:37 Scout Tower
05:43 Scout Tower
05:44 Scout Tower
05:45 Scout Tower
06:07 Scout Tower
06:09 Arcane Tower
06:30 Keep
06:32 Guard Tower
06:32 Guard Tower
06:52 Guard Tower
06:53 Guard Tower
06:54 Arcane Tower
07:26 Blacksmith
07:30 Scout Tower
07:33 Scout Tower
07:41 Scout Tower
07:47 Scout Tower
07:51 Scout Tower
08:01 Guard Tower
08:02 Guard Tower
08:17 Guard Tower
08:18 Guard Tower
08:18 Guard Tower
08:40 Guard Tower
08:58 Scout Tower
09:02 Scout Tower
09:10 Castle
09:36 Guard Tower
09:37 Guard Tower
10:53 Town Hall
10:56 Scout Tower
10:58 Scout Tower
11:00 Scout Tower
11:01 Scout Tower
11:03 Scout Tower
11:07 Scout Tower
11:10 Scout Tower
11:11 Scout Tower
11:13 Scout Tower
11:15 Scout Tower
11:17 Scout Tower
11:19 Scout Tower
11:20 Scout Tower
11:28 Guard Tower
11:29 Guard Tower
11:29 Guard Tower
11:29 Guard Tower
11:33 Guard Tower
11:33 Guard Tower
11:51 Guard Tower
11:52 Guard Tower
11:57 Guard Tower
12:24 Gryphon Aviary
12:26 Gryphon Aviary
12:30 Guard Tower
12:51 Guard Tower
12:54 Guard Tower
12:56 Guard Tower
13:08 Gryphon Aviary
13:48 Arcane Sanctum
14:37 Scout Tower
14:38 Scout Tower
15:10 Guard Tower
15:10 Guard Tower
15:10 Guard Tower
15:14 Scout Tower
15:16 Scout Tower
15:19 Scout Tower
15:21 Scout Tower
15:43 Guard Tower
15:43 Guard Tower
15:43 Guard Tower
15:47 Scout Tower
15:49 Guard Tower
15:50 Guard Tower
15:50 Guard Tower
15:51 Guard Tower
15:59 Guard Tower
16:26 Guard Tower
16:28 Scout Tower
16:39 Scout Tower
16:40 Scout Tower
16:40 Scout Tower
17:07 Guard Tower
17:07 Guard Tower
17:10 Scout Tower
17:11 Scout Tower
17:13 Guard Tower
17:17 Guard Tower
17:28 Scout Tower
17:52 Guard Tower
17:59 Guard Tower
17:59 Guard Tower
18:03 Guard Tower
18:05 Guard Tower
18:36 Scout Tower
18:39 Scout Tower
18:41 Scout Tower
19:08 Guard Tower
19:45 Gryphon Aviary
19:49 Farm
20:04 Guard Tower
20:05 Guard Tower
21:04 Gryphon Aviary
21:07 Gryphon Aviary
21:11 Farm
21:15 Farm
21:23 Gryphon Aviary
21:47 Gryphon Aviary
22:56 Scout Tower
22:56 Scout Tower
22:57 Scout Tower
22:58 Scout Tower
22:59 Scout Tower
23:28 Guard Tower
23:28 Guard Tower
23:28 Guard Tower
23:29 Guard Tower
24:22 Farm
24:22 Farm
24:22 Farm
24:26 Workshop
24:28 Workshop
24:31 Workshop
24:34 Workshop
25:14 Workshop
25:50 Workshop
29:36 Scout Tower
31:57 Scout Tower
31:59 Scout Tower
32:00 Scout Tower
32:01 Scout Tower
32:03 Scout Tower
32:25 Town Hall
32:26 Guard Tower
32:26 Guard Tower
32:27 Guard Tower
32:27 Guard Tower
32:28 Guard Tower
32:32 Scout Tower
32:32 Scout Tower
32:33 Scout Tower
32:34 Guard Tower
32:39 Scout Tower
32:41 Scout Tower
32:44 Scout Tower
32:45 Scout Tower
32:47 Scout Tower
32:49 Scout Tower
32:55 Town Hall
33:00 Scout Tower
33:02 Scout Tower
33:02 Scout Tower
33:04 Scout Tower
33:06 Guard Tower
33:07 Guard Tower
33:07 Guard Tower
33:08 Guard Tower
33:08 Guard Tower
33:14 Scout Tower
33:30 Guard Tower
33:45 Guard Tower
33:50 Guard Tower
34:17 Guard Tower
34:17 Guard Tower
34:19 Guard Tower
34:27 Guard Tower
35:46 Scout Tower
35:46 Scout Tower
35:47 Scout Tower
35:48 Scout Tower
35:50 Scout Tower
36:13 Guard Tower
36:13 Guard Tower
36:18 Guard Tower
36:18 Guard Tower
36:19 Guard Tower
» items
| Scroll of Regeneration | 13 | |
| Boots of Speed | 3 | |
| Periapt of Vitality | 6 | |
| Staff of Teleportation | 3 | |
| Potion of Invisibility | 4 | |
| Lesser Clarity Potion | 9 | |
| Potion of Healing | 7 | |
| Potion of Mana | 5 | |
| Scroll of Town Portal | 8 | |
| Potion of Lesser Invulnerability | 1 | |
59 total
Chat log
(00:35 / Allies) Light_Unknown: thank god
(00:39 / Allies) Flamechampion: ?
(00:45 / Allies) Light_Unknown: u know how to p´lay
(00:49 / Allies) Light_Unknown: when i see a lvl 1
(00:51 / All) LookingSoCrazy: SUCH A FUNNY THING FOR ME TRY TO EXPLAIN
(00:53 / All) LookingSoCrazy: HOW I FEELING
(00:55 / All) LookingSoCrazy: PRIDE IS TO BLAME
(01:06 / Allies) Flamechampion: This is my first time playing WC3
(01:15 / Allies) Light_Unknown: o yws
(01:18 / Allies) Light_Unknown: i believe
(01:54 / Allies) Light_Unknown: expo?
(02:13 / Allies) Flamechampion: I don't need your help expoing
(02:15 / Allies) Flamechampion: I read the manual
(02:21 / Allies) FritzThePanda: haha
(02:28 / Allies) Light_Unknown: not offering help
(02:33 / Allies) Light_Unknown: just asking
(02:37 / Allies) Flamechampion: Good, I am lvl 1. I can handle myself
(04:04 / All) BLACK_QBS_SUCK: i never get lucky exp tomes anymore
(04:11 / All) BLACK_QBS_SUCK: praise be to yevon
(04:29 / All) DreadKnight187: lol
(04:32 / All) DreadKnight187: i just got one
(04:47 / All) BLACK_QBS_SUCK: give to me?
(05:00 / All) DreadKnight187: address
(05:01 / All) BLACK_QBS_SUCK: i give pics of my sister to u for it?
(05:12 / All) DreadKnight187: pics dont help
(05:47 / Allies) BLACK_QBS_SUCK: lets cc middle
(06:49 / Allies) FritzThePanda: should we hit?
(06:58 / Allies) Light_Unknown: give mask
(07:02 / Allies) Flamechampion: How about no?
(07:06 / Allies) Light_Unknown: well
(07:11 / Allies) Light_Unknown: if u wish
(07:31 / All) LookingSoCrazy: keep chasing dummy
(07:41 / Allies) BLACK_QBS_SUCK: skip
(07:42 / Allies) BLACK_QBS_SUCK: skip
(07:55 / Allies) BLACK_QBS_SUCK: skip
(10:29 / Allies) FritzThePanda: yo people
(10:33 / Allies) Flamechampion: sup
(10:41 / Allies) FritzThePanda: some help?
(11:00 / Allies) BLACK_QBS_SUCK: wood plz
(12:15 / All) LookingSoCrazy: yellow you suck lol
(12:46 / All) LookingSoCrazy: yellow you good
(13:01 / All) LookingSoCrazy: never seen a right clicking bm before
(13:09 / All) BLACK_QBS_SUCK: ME LOLZ
(13:14 / All) BLACK_QBS_SUCK: i right click 100%
(13:33 / All) LookingSoCrazy: wow two in one game wow
(13:37 / All) LookingSoCrazy: I've never
(14:42 / All) LookingSoCrazy: that was sauve tho
(17:24 / All) LookingSoCrazy: the best part is yellow thinks he is good
(18:38 / All) BLACK_QBS_SUCK: paranoid niggers in this game
(19:34 / All) Flamechampion: first time losing my hero doing that in about 15 games
(19:42 / All) GironEC: cool
(19:44 / All) Lacey: awe...
(19:51 / All) LookingSoCrazy: fuck
(19:57 / All) BLACK_QBS_SUCK: i told u lots of towers
(20:14 / All) LookingSoCrazy: sdafklpjdsifop'
(20:26 / All) LookingSoCrazy: everyone has to have 50 fucking towers
(20:32 / All) BLACK_QBS_SUCK: lolz i told u
(20:56 / All) LookingSoCrazy: market square is gay actually
(21:02 / Allies) Light_Unknown: a little help w
(21:03 / All) LookingSoCrazy: at least this game
(21:15 / All) LookingSoCrazy: it's a chore just to navigate the map
(21:26 / All) BLACK_QBS_SUCK: you are resourecful
(22:34 / All) LookingSoCrazy: damn yellow that must be micro intensive
(22:42 / All) LookingSoCrazy: c and w
(22:42 / All) Flamechampion: sick tp
(22:45 / All) LookingSoCrazy: and right click
(23:24 / All) Flamechampion: wtf, I made a knight?
(24:48 / All) Flamechampion: is getting a shade too hard?
(26:29 / All) LookingSoCrazy: dumbass purple you fucking retarded faggot
(26:37 / All) LookingSoCrazy: why even get witch doctors if you won't use wards
(26:39 / All) Flamechampion: he is pretty bad
(26:49 / All) LookingSoCrazy: 3 tyimes I tell him
(26:52 / All) LookingSoCrazy: PUT WARD IN THE MIDDLE
(26:57 / All) LookingSoCrazy: give control PUT WARD IN THE MIDDLE
(27:09 / All) Flamechampion: doubt he knows what a ward is
(27:23 / All) LookingSoCrazy: no mana lol
(27:27 / All) LookingSoCrazy: THERE IS A MANA FOUNTAIN
(27:30 / All) LookingSoCrazy: YOU FUCKING RETARD
(27:41 / All) LookingSoCrazy: YEAH SO DON'T SAY NO MANA DUMMY
(28:08 / All) LookingSoCrazy: what's your IQ?
(28:15 / All) LookingSoCrazy: 80?
(28:18 / All) LookingSoCrazy: k
(28:20 / All) Flamechampion: that's generous
(29:25 / All) Flamechampion: lol!
(29:46 / All) Flamechampion: all that for a gold mine with 960 gold left
(30:25 / All) LookingSoCrazy: this is why women should be barefoot and pregnant in the kitchen
(30:28 / All) LookingSoCrazy: they cah't od anything right
(30:36 / All) LookingSoCrazy: men are awesome
(30:37 / All) LookingSoCrazy: THE BEST
(31:02 / All) BLACK_QBS_SUCK: green and purple u 2 had balls hitting my base with all htose towers
(31:12 / All) LookingSoCrazy: thanks
(31:17 / All) LookingSoCrazy: for the healing ward
(33:21 / All) BLACK_QBS_SUCK: well all beee
(36:50 / All) Lacey: thanks for the loss red, you fucktard
(36:55 / All) BLACK_QBS_SUCK: lolz
(37:01 / All) BLACK_QBS_SUCK: have yo uguys not realized it yet
(37:10 / All) Flamechampion: How much gold do you guys have?
(37:11 / All) Flamechampion: I have 22k
(37:43 / All) BLACK_QBS_SUCK: purple sh
(38:18 / All) Flamechampion: nice expo
(38:27 / All) LookingSoCrazy: lol
(38:34 / All) LookingSoCrazy: good night sweet prince
(39:18 / All) Flamechampion: magic sentry retard
(40:07 / All) LookingSoCrazy: wasn't me
(40:12 / All) BLACK_QBS_SUCK: who was it lolz
(40:29 / Allies) Light_Unknown: MAN
(40:30 / Allies) Light_Unknown: WHY THAT
(40:31 / Allies) Light_Unknown: FUCK
(40:48 / All) BLACK_QBS_SUCK: why did you do that teal?
(42:02 / Allies) Light_Unknown: HE IS GETTING NO gold
(42:07 / Allies) Light_Unknown: he surely is high upkeep
(42:09 / Allies) Flamechampion: I have 27k
(42:37 / All) BLACK_QBS_SUCK: not meh!!!1
(42:38 / Allies) Flamechampion: went in burrows
(42:41 / Allies) Flamechampion: as soon as I go there
(42:42 / Allies) Flamechampion: mh
(42:47 / All) Flamechampion: nice mh
(42:51 / All) BLACK_QBS_SUCK: who?
(42:52 / All) BLACK_QBS_SUCK: pink?
(42:54 / All) Flamechampion: burrows as soon as I go there
(42:55 / All) Flamechampion: pink
(43:15 / All) BLACK_QBS_SUCK: for a second i thought pink and yellow were friends
(43:54 / All) BLACK_QBS_SUCK: how does green still have 8k in his natural base
(44:03 / All) Flamechampion: I killed his gold mine
(44:04 / All) Flamechampion: twice
(44:25 / All) BLACK_QBS_SUCK: still this is an hour long game, it should be gone unless he didnt have 255 gold
(45:13 / All) Flamechampion: nice try
(45:17 / All) Flamechampion: this is why I scout bases
(45:37 / All) BLACK_QBS_SUCK: who wants a poor man's dagger of escape
(45:42 / All) DreadKnight187: well red tked purp and green and wont shre gold
(45:46 / All) DreadKnight187: so u win
(45:47 / All) BLACK_QBS_SUCK: pink
(45:48 / All) DreadKnight187: gg
(47:13 / Allies) Flamechampion: wood and I will give you gold
(47:16 / Allies) Flamechampion: and let you live
(47:31 / All) BLACK_QBS_SUCK: lolz
(47:36 / Allies) Flamechampion: wood
(47:36 / Allies) Light_Unknown: man
(47:39 / Allies) Flamechampion: and I let you atvern your bm
(47:39 / Allies) Flamechampion: out
(47:49 / Allies) Flamechampion: not you, yellow
(47:53 / Allies) Flamechampion: wood and I let you get your bm back
(47:55 / All) LookingSoCrazy: didn't have my arcane towers in a control group
(48:08 / Allies) Flamechampion: wood
(48:09 / Allies) Flamechampion: or it dies
(48:10 / Allies) Flamechampion: wood
(48:10 / Allies) Flamechampion: wood
(48:11 / Allies) Flamechampion: wood
(48:12 / Allies) Flamechampion: wood
(48:15 / Allies) Light_Unknown: ok
(48:17 / Allies) Light_Unknown: play alone
(48:18 / Allies) Flamechampion: I am the bandit lord here
(48:24 / Allies) Flamechampion: pay into my demands
(48:27 / Allies) Light_Unknown: i help
(48:31 / Allies) Light_Unknown: and u do
(48:33 / Allies) Flamechampion: give me all of your wood
(48:35 / Allies) Flamechampion: and you keep the bm
(48:38 / Allies) Flamechampion: refuse
(48:39 / Allies) Flamechampion: it dies
(50:22 / All) Flamechampion: He taverned his BM back
(50:40 / All) LookingSoCrazy: how much gold does he have
(50:44 / Allies) Flamechampion: 4.6k
(50:46 / All) Flamechampion: 4.6k
(51:01 / All) LookingSoCrazy: my god
(51:07 / All) LookingSoCrazy: this calls for a dramatic removal of glasses
(51:13 / All) BLACK_QBS_SUCK: what?
(51:15 / All) BLACK_QBS_SUCK: the towers?
(51:22 / All) LookingSoCrazy: Over your head buddy
(51:51 / All) BLACK_QBS_SUCK: first time in a long time turncoat hasn't creeped the red creeps this far in the game
(53:54 / All) Flamechampion: gj staffing before he attacks, jake
(54:14 / All) BLACK_QBS_SUCK: not really my fault he attacked the wrong hero
(57:30 / All) BLACK_QBS_SUCK: shops lolz
(60:58 / Allies) Flamechampion: nice try
(61:05 / All) BLACK_QBS_SUCK: dead
(61:21 / Allies) Light_Unknown: ok
(61:25 / Allies) Light_Unknown: now i wait
(61:25 / All) Flamechampion: I got his last peon
(61:31 / Allies) Light_Unknown: going to another computer
(61:31 / All) Flamechampion: We will kill all of our stuff
(61:32 / All) BLACK_QBS_SUCK: purple u here buddy
(61:39 / All) BLACK_QBS_SUCK: standoff?
(61:46 / All) LookingSoCrazy: Not sure if purple would stay
(61:59 / All) Lacey: just wishing someone would kill red
(62:02 / All) BLACK_QBS_SUCK: standoff last night only lasted an hour
(62:07 / All) BLACK_QBS_SUCK: purple i have a question are u here
(62:19 / All) LookingSoCrazy: Why do you wish harm on me?
(62:30 / All) LookingSoCrazy: What have I ever done to you?
(62:39 / All) Lacey: what oj?
(62:55 / All) BLACK_QBS_SUCK: Well, me blue and red are friends, we're gonna give you and yellow equal chance at victory
(63:05 / All) BLACK_QBS_SUCK: will you be willing to leave your computer on all night?
(63:29 / All) Lacey: so thats why he tked me...nice
(63:34 / Allies) Flamechampion: upgrading lol
(63:39 / All) LookingSoCrazy: I tked you early
(63:42 / All) LookingSoCrazy: because you are shit
(63:44 / All) LookingSoCrazy: GARBAGE
(63:47 / All) BLACK_QBS_SUCK: yellow afint afk lolz, he is trying to rez teals hero
(63:54 / All) LookingSoCrazy: You're a dumb motherfucker that makes excuses
(64:12 / All) LookingSoCrazy: "can't plop a 50 mana ward down because I don't have no mana despite there being mana fountain in the middle!"
(64:13 / Allies) Flamechampion: kill far seer for standoff
(64:26 / All) LookingSoCrazy: *huddles around mana fountain never plops down a ward*
(64:29 / All) LookingSoCrazy: you deserve death
(64:56 / All) LookingSoCrazy: Video games were made by men for men
(65:03 / All) Lacey: you deserve a stick up your ass
(65:07 / All) LookingSoCrazy: except for games made by women
(65:09 / All) LookingSoCrazy: but WARCRAFT
(65:10 / All) LookingSoCrazy: is for men
(65:12 / All) BLACK_QBS_SUCK: purple aint gonna stay
(65:15 / All) LookingSoCrazy: games made for women*
(65:26 / All) LookingSoCrazy: sorry
(65:28 / All) LookingSoCrazy: EXIT ONLY
(67:03 / All) BLACK_QBS_SUCK: so purple u gonna answer my question
(67:24 / All) BLACK_QBS_SUCK: there will be no units left on neither side once we 3 leave the game, so you'll have to wait until yellow leaves to get the win
(67:51 / All) Flamechampion: LET IT BEGIN, LET IT BEGIN!
(67:54 / All) Flamechampion: GOOD LUCK EVERYONE!